 Dungeon Crawl Stone Soup version 0.23.1 (webtiles) character file.

Game seed: 18175743120878179342

73 Kairos the Sneak (level 4, -5/23 HPs)
             Began as a Vine Stalker Assassin on Mar 19, 2019.
             Slain by a worm (6 damage)
             ... on level 3 of the Dungeon.
             The game lasted 00:02:16 (1690 turns).

Kairos the Sneak (Vine Stalker Assassin)            Turns: 1690, Time: 00:02:16

Health: -5/23      AC:  7    Str: 14    XL:     4   Next: 27%
Magic:  0/5        EV: 11    Int: 11    God:
Gold:   118        SH:  0    Dex: 16    Spells: 3/3 levels left

rFire    . . .     SeeInvis .   a - +2 dagger
rCold    . . .     Gourm    .   (no shield)
rNeg     . . .     Faith    .   n - +0 ring mail
rPois    .         Spirit   +   (no helmet)
rElec    .         Reflect  .   d - +0 cloak
rCorr    .         Harm     .   t - +0 pair of gloves
MR       .....                  (no boots)
Stlth    +++.......             (no amulet)
HPRegen  0.47/turn              (no ring)
MPRegen  0.09/turn              (no ring)

@: no status effects
A: fangs 2, regeneration 1, magic shield, antimagic bite, no potion heal 3, rot
immunity
a: no special abilities


You were on level 3 of the Dungeon.
You were hungry.

You visited 1 branch of the dungeon, and saw 3 of its levels.

You collected 118 gold pieces.

Inventory:

Hand Weapons
 a - a +2 dagger (weapon)
 b - a +0 blowgun
 j - a +0 dagger of holy wrath
Missiles
 e - 19 poisoned needles
 f - 2 curare-tipped needles
 q - 4 needles of sleeping
Armour
 c - a +0 robe
 d - a +0 cloak (worn)
 k - a +0 leather armour
 n - a +0 ring mail (worn)
 t - a +0 pair of gloves (worn)
Scrolls
 h - 3 scrolls of teleportation {unknown}
 i - a scroll of remove curse {unknown}
 l - a scroll of blinking {unknown}
 m - a scroll of fear {unknown}
 s - a scroll of identify {unknown}
Potions
 o - a potion of might {unknown}
 p - a potion of ambrosia {unknown}
 r - 2 potions of curing {unknown}
Comestibles
 g - 3 rations


   Skills:
 + Level 2.3 Fighting
 + Level 2.1 Short Blades
 + Level 1.8 Throwing
 + Level 0.2 Armour
 + Level 1.4 Dodging
 + Level 6.0 Stealth


You had 3 spell levels left.
You didn't know any spells.
Your spell library was empty.

Dungeon Overview and Level Annotations

Branches:
Dungeon (3/15)

Altars:
Fedhas
Okawaru
The Shining One

Annotations:
D:3 1 runed translucent door


Innate Abilities, Weirdness & Mutations

You have extremely sharp teeth.
Your natural rate of healing is unusually fast.
When hurt, damage is shared between your health and your magic reserves.
Your bite disrupts and absorbs the magic of your enemies.
Potions cannot restore your health.
You are immune to rotting.


Message History

You hit the orc.
You kill the orc!
You hit the ooze but do no damage. You bite the ooze, but do no damage.
The ooze hits you.
* * * LOW HITPOINT WARNING * * *
The worm bites you.
* * * LOW HITPOINT WARNING * * *
You hit the ooze.
The ooze is severely wounded.
The ooze hits you but does no damage.
You hit the ooze.
The ooze is almost dead.
The worm bites you.
* * * LOW HITPOINT WARNING * * *
Unknown command.
The ooze hits you.
* * * LOW HITPOINT WARNING * * *
A worm comes into view.
The worm bites you!
You die...

##. ...## ..##
#.... ...
..%.###
..##......
.......##
###.......
#w.<...# ##@.#
#.w## ...
#J####.## ....
#o#A.._..
....###.###+.##
#......## #
####.###...##
#...........###
#...(...........


You could see 2 worms, an ooze and an orc.

Vanquished Creatures
  2 adders
  An ooze (D:1)
  3 dart slugs
  2 orcs (D:3)
  A giant cockroach (D:1)
  5 goblins
  5 hobgoblins
  6 jackals
  A ball python (D:1)
  6 bats
  2 frilled lizards
  3 kobolds (D:1)
  A leopard gecko zombie (D:3)
  5 rats (D:1)
43 creatures vanquished.

Notes
Turn   | Place    | Note
-------+----------+-------------------------------------------
     0 | D:1      | Kairos the Vine Stalker Assassin began the quest for the
                  | Orb.
     0 | D:1      | Reached XP level 1. HP: 11/11 MP: 2/2
    77 | D:1      | Reached skill level 5 in Stealth
   146 | D:1      | Reached XP level 2. HP: 12/15 MP: 3/3
   626 | D:1      | Reached XP level 3. HP: 13/18 MP: 4/4
   655 | D:1      | Reached skill level 1 in Dodging
  1172 | D:2      | Reached skill level 6 in Stealth
  1279 | D:2      | Gained mutation: Your natural rate of healing is unusually
                  | fast. [Vine Stalker growth]
  1279 | D:2      | Reached XP level 4. HP: 12/23 MP: 5/5
  1325 | D:2      | Found an iron altar of Okawaru.
  1477 | D:2      | Found a blossoming altar of Fedhas.
  1674 | D:3      | Found a glowing golden altar of the Shining One.
  1674 | D:3      | Noticed an angel
  1675 | D:3      | Found a runed translucent door.
  1686 | D:3      | HP: 1/23 [worm (4)]
  1690 | D:3      | Slain by a worm

Skill      XL: |  1  2  3 |
---------------+----------+-----
Stealth        | 5 6 |  6.0
Fighting       | 2 |  2.3
Dodging        | 1 |  1.4
Short Blades   | 2 |  2.1
Throwing       | |  1.8
Armour         | |  0.2

Action                   |  1- 3 |  4- 6 || total
-------------------------+-------+-------++-------
Melee: Dagger            |   114 |    24 ||   138
       Bite              |    32 |     6 ||    38
 Stab: Sleeping          |     2 |     1 ||     3
  Eat: Chunk             |     1 |     1 ||     2
Armor: Robe              |    10 |       ||    10
       Leather armour    |    11 |       ||    11
       Ring mail         |    29 |     9 ||    38
Dodge: Dodged            |    72 |    19 ||    91
